grakk, lawful male dwarven Archeologist -------------######## ----------- |...........|# # # # |.........| --.---- |...........|# # # # #-.........| -------.....-######################............|# # # ####|.........| |...........| # |..<..-----.-### # ## -------|--- |...........| ### #......| # # # # ### #### # |...........| # ###----.-- # # # # ## # # # |...........| #### # # # # # ## # # # -.-.----.|---############### ### # # ##* # # # # % ##### ###### .----..###%### # # # # # # # *# ### # # # |......}}############## # # ### # # # # ########`# ##.....[| ### --|..-.-.-.-----# #--.-.-------- ----.----.-- # |.}...| ...............|# #|........>.*| |...........##### ------- |..............|# #|...........| |..........| ######################u@........).....| ##............| |..........| # # --------------|- |...........| ------------ ######%###########*##########################...---------- grakk the Field Worker Experience level: 5 Strength: 9 Dexterity: 11 Constitution: 15 Intelligence: 16 Wisdom: 12 Charisma: 14 Health: 0(44) Energy: 15(15) Def: 1 Gold: 798 Moves: 3513 Dungeon seed: mj4ib7fT6INpgP32 Game ID: grakk_1463684461 Your Inventory: Coins $ - 798 gold pieces Weapons a - an uncursed +2 bullwhip i - an uncursed +0 boomerang m - 3 uncursed +0 darts (in quiver) E - 9 uncursed +0 shuriken J - 10 uncursed +0 silver arrows Armor e - an uncursed +0 leather jacket (being worn) n - an uncursed +0 fedora (being worn) Comestibles b - an uncursed food ration Scrolls v - an uncursed scroll of teleportation C - a cursed scroll of food detection D - an uncursed scroll of confuse monster G - an uncursed scroll of scare monster I - an uncursed scroll of magic mapping Potions A - an uncursed potion of healing B - an uncursed potion of paralysis Wands d - an uncursed wand of light (0:11) Tools c - an uncursed corroded +0 pick-axe (weapon in hand) g - an uncursed sack l - an uncursed towel F - an uncursed tin whistle Gems q - an uncursed touchstone r - an uncursed garnet stone Contents of the sack: an uncursed tin opener an uncursed tinning kit (0:79) Spells and supernatural/magical abilities: Name Level Category Fail Memory W - pray for help -- divine ? -- Your skills at the end: Miscellaneous Skills wands [Basic] Weapon Skills pick-axe [Basic] boomerang [Basic] whip [Basic] Spellcasting Skills Final Attributes: You were fervently aligned. You had infravision. You were stealthy. You were fast. You are dead. Vanquished creatures: a little dog a homunculus 3 iguanas an orc zombie 2 werejackals 2 acid blobs a large kobold 5 geckos 2 hobgoblins a giant rat a cave spider a green mold a red mold 6 jackals 2 foxes a kobold 8 newts 2 goblins 4 sewer rats 3 grid bugs 9 lichens a kobold zombie 58 creatures vanquished. Voluntary challenges: You followed a strict vegan diet. You did not adorn yourself with jewelry or accessories. You were an atheist. You used a wielded weapon 83 times, starting on turn 18. You did not apply a unicorn horn. You read items or engraved 1 time, starting on turn 2676. You never genocided any monsters. You never polymorphed an object. You changed form 2 times, starting on turn 2286. You used no wishes. You never split a pudding. You never wrote Elbereth's name. You never violated your personal moral code. Dungeon overview: The Dungeons of Doom: levels 1 to 4 Level 1 a fountain a long staircase Level 2 a general store, a fountain a long staircase Level 3 a potion shop, a fountain Level 4 <- You were here History has recorded: On T:1 you entered the Dungeons of Doom to retrieve the Amulet of Yendor! On T:443 you advanced to experience level 2. On T:461 you reached level 2 of The Dungeons of Doom. On T:1060 you advanced to experience level 3. On T:1935 you reached level 3 of The Dungeons of Doom. On T:2042 you advanced to experience level 4. On T:2634 you reached level 4 of The Dungeons of Doom. On T:3168 you advanced to experience level 5. Score breakdown: Gold: 798 ( 79 points) Experience: 5 levels ( 400 points) Exploration: 4 levels ( 90 points) Discoveries: 5 items ( 250 points) Variety of kills: 22 monsters ( 1100 points) Major goal: (nothing yet) ( 0 points) Survival: died (score multiplied by 3) Total score: 5757 Latest messages: You start digging. You hit the rock with all your might. You stop digging. The pony kicks! The pony bites! The pony kicks! You die... Final status: Goodbye grakk the Archeologist, killed by a pony... You died in The Dungeons of Doom on dungeon level 4 with 5757 points, and 798 pieces of gold, after 3513 moves. You were level 5 with a maximum of 44 hit points when you died.